 Dungeon Crawl Stone Soup version 0.31.0-11-ge490571c62 (webtiles) character file.

Game seed: 5596489160343360273

30653 Ijustatesigmund the Destroyer (level 13, 0/118 (120) HPs)
             Began as a Gargoyle Earth Elementalist on Feb 8, 2024.
             Was a High Priest of Vehumet.
             Slain by a minotaur
             ... wielding a +3 arbalest of freezing
              (4 damage)
             ... in a Gauntlet.
             The game lasted 00:46:32 (19198 turns).

Ijustatesigmund the Destroyer (GrEE)               Turns: 19198, Time: 00:46:33

HP:   0/118 (120)   AC: 26    Str:  9 (11) XL:     13   Next: 53%
MP:   26/26         EV:  2    Int: 22 (25) God:    Vehumet [*****.]
Gold: 754           SH:  4    Dex:  7 (9)  Spells: 13/30 levels left

rFire   + . .        f - +6 flail
rCold   . . .        x - +0 buckler
rNeg    + . .        a - melded +0 acid dragon scales
rPois   ∞            (helmet currently unavailable)
rElec   .            r - melded +5 cloak of Divine Compulsion {Dex+5}
rCorr   .            c - melded +1 pair of gloves
SInv    .            p - melded +0 pair of boots
Will    .....        (no amulet)
Stlth   ++           L - ring of wizardry
HPRegen 0.39/turn    o - ring of protection from fire
MPRegen 0.20/turn

%: no teleportation, wizardry (x1)
@: mighty, tree-form, hasted, studying Long Blades, lightly drained, very quick
A: stationary, stasis, torment immunity, boosted hp, sickness immunity, AC +9,
negative energy resistance 1, (electricity resistance), torment resistance 1,
petrification resistance, (antennae 1), clever 1, passive freeze
a: Renounce Religion


You were in a Gauntlet.
You worshipped Vehumet.
Vehumet was extremely pleased with you.
You were a tree.
You visited 1 branch of the dungeon, and saw 14 of its levels.
You also visited: Gauntlet.

You collected 792 gold pieces.
You spent 38 gold pieces at shops.

Inventory:

Hand Weapons
 e - a +0 morningstar
 f - a +6 flail (weapon)
 h - a +1 flail of protection
 C - the +1 war axe of Absolution {heavy, rF++ Str-5}
   (You found it on level 7 of the Dungeon)

   Str-5:     It affects your strength (-5).
   rF++:      It greatly protects you from fire.
 O - the +9 war axe "Iciq Giqumur" {holy, ^Drain rPois rCorr Dex+3}
   (You found it in a Gauntlet)

   Dex+3:     It affects your dexterity (+3).
   rPois:     It protects you from poison rCorr: It protects you from acid and
   corrosion.
   ^Drain:    It drains your maximum health when unequipped.
Missiles
 v - a throwing net
Armour
 a - +0 acid dragon scales (melded)
 c - a +1 pair of gloves (melded)
 p - a +0 pair of boots (melded)
 r - the +5 cloak of Divine Compulsion (melded) {Dex+5}
   (You found it on level 6 of the Dungeon)

   Dex+5:     It affects your dexterity (+5).
 x - a +0 buckler (worn)
 J - a scarf of resistance
 P - a +0 pair of gloves of infusion
Magical Staves
 H - a staff of conjuration
Jewellery
 k - a ring of protection from cold
 o - a ring of protection from fire (right branch)
 y - a +6 ring of dexterity
 A - an amulet of magic regeneration
 D - a ring of resist corrosion
 L - a ring of wizardry (left branch)
Wands
 m - a wand of flame (7)
 G - a wand of mindburst (9)
 I - a wand of paralysis (7)
Scrolls
 l - a scroll of torment
 n - a scroll of revelation
 q - 3 scrolls of amnesia
 w - 2 scrolls of enchant weapon
 E - 2 scrolls of blinking
 M - a scroll of silence
 N - a scroll of fear
Potions
 b - a potion of might
 g - 2 potions of attraction
 j - a potion of mutation
 s - 2 potions of cancellation
 z - 2 potions of magic
Miscellaneous
 F - a phial of floods


   Skills:
 - Level 9.3 Fighting
 - Level 8.0 Maces & Flails
 + Level 3.1 Armour
 - Level 4.1 Dodging
 - Level 2.1 Stealth
 - Level 5.5 Shields
 + Level 9.2 Spellcasting
 + Level 10.6 Conjurations
 + Level 1.5 Necromancy
 - Level 7.3 Earth Magic
 - Level 8.2 Alchemy
 - Level 3.3 Evocations


You had 13 spell levels left.
You knew the following spells:

 Your Spells              Type           Power      Damage    Failure   Level
a - Sandblast             Erth           84%        2d18      1%          1
b - Stone Arrow           Conj/Erth      98%        3d13      1%          3
c - Irradiate             Conj/Alch      25%        3d20      1%          5
d - Borgnjor's Vile Clut  Necr/Erth      14%        N/A       16%         5
e - Passwall              Erth           42%        N/A       1%          3

Your spell library contained the following spells:

 Spells                   Type           Power      Damage    Failure   Level
 Dazzling Flash           Conj/Hex       66%        N/A       1%          3
 Magic Dart               Conj           100%       1d8       1%          1
 Static Discharge         Conj/Air       66%        3-6/arc   1%          2
 Brom's Barrelling Bould  Conj/Erth      49%        2d7       1%          4
 Petrify                  Alch/Erth      44%        N/A       1%          4
 Lee's Rapid Deconstruct  Erth           21%        3d12*     1%          5
 Alistair's Intoxication  Alch           30%        N/A       3%          5
 Yara's Violent Unravell  Hex/Alch       14%        3d7       5%          5
 Eringya's Noxious Bog    Alch           23%        4d6       5%          6
 Blink                    Tloc           20%        N/A       6%          2
 Call Imp                 Summ           20%        N/A       6%          2
 Animate Armour           Summ/Erth      52%        N/A       9%          4
 Confusing Touch          Hex            10%        N/A       12%         3
 Animate Dead             Necr           16%        N/A       21%         4
 Summon Lightning Spire   Summ/Air       10%        N/A       34%         4
 Summon Forest            Summ/Tloc      5%         N/A       67%         5
 Summon Mana Viper        Hex/Summ       10%        N/A       67%         5
 Lehudib's Crystal Spear  Conj/Erth      24%        10d7      73%         8
 Death Channel            Necr           8%         N/A       95%         6
 Summon Cactus Giant      Summ           5%         N/A       99%         6
 Sublimation of Blood     Necr           Unusable   N/A       N/A         2

Dungeon Overview and Level Annotations

Branches:
Dungeon (14/15)            Temple (0/1) D:5            Lair (0/5) D:9
    Orc (0/2) D:10         Vaults (0/5) D:13        Gauntlet (1/1)

Altars:
Cheibriados
Dithmenos
Kikubaaqudgha
Makhleb
Vehumet
Yredelemnul
The Shining One

Shops:
D:2 *

Annotations:
Gauntlet 6 transporters


Innate Abilities, Weirdness & Mutations

You are a tree.
Your roots penetrate the ground, keeping you stationary.
You cannot be teleported.
You are immune to unholy pain and torment.
Your maximum health is greatly increased.
Your equipment is partially melded.
You are immune to sickness and miasma.
((Your stone body is resilient. (AC +9)))
You are immune to poison.
You resist negative energy. (rN+)
((You are resistant to electric shocks. (rElec)))
You are resistant to unholy torment.
You are immune to petrification.
((You have a pair of small antennae on your head.))
Your mind is acute. (Int +4, Str/Dex -1)
A frigid envelope surrounds you and freezes all who hurt you.


Message History

The minotaur hits you but does no damage.
The minotaur gores you!
* * * LOW HITPOINT WARNING * * *
You swing at nothing.
The minotaur hits you but does no damage.
The minotaur gores you but does no damage.
You sock the minotaur!
The minotaur is lightly wounded.
You hit the minotaur but do no damage.
The minotaur is lightly wounded.
The minotaur hits you but does no damage.
The minotaur gores you.
* * * LOW HITPOINT WARNING * * *
You feel better.
You feel less invigorated.
The minotaur hits you with a +3 arbalest of freezing!
* * * LOW HITPOINT WARNING * * *
The minotaur gores you.
* * * LOW HITPOINT WARNING * * *
You feel extremely strange.
Your skin feels very cold.
You feel clever. A pair of antennae grows on your head!
Aiming: Paralyse
Press: ? - help, Shift-Dir - straight line, f/p - minotaur
Aim: a minotaur, wielding a +3 arbalest of freezing, wearing a +0 plate armour and quivering silver javelins (lightly wounded, chance to affect: 4%)
Okay, then.
Okay, then.
You sock the minotaur!
The minotaur is moderately wounded.
The minotaur barely misses you.
The minotaur gores you but does no damage.
The minotaur is very cold.
The minotaur is moderately wounded.
You hit the minotaur.
The minotaur is heavily wounded.
The minotaur hits you with a +3 arbalest of freezing.
* * * LOW HITPOINT WARNING * * *
The minotaur is very cold.
The minotaur is heavily wounded.
The minotaur gores you.
You die...

#####..### #≈8≈#..##.
######...#..#.#
#...##.8.#..#.# #
#.#.##...#..#.# #/
#.#....8.#..#..
##'####.#.##...#..#..
#.⌠..##...##...#..###
#..H♣##.#.##.©.#§....
+⌠....'.#......#∩....
#..⌠.##.#.##.©.#≈....
###+###...##...#..###
#.#.##...#..#ss
#.#....8.#..#y.
#.#.##...#..##.
#...##.8.#..#?# ####
#...#..#©.


You could see a minotaur.

Vanquished Creatures
  Rupert (D:12)
  Nessos (D:12)
  A hydra (D:13)
  4 centaur warriors
  A catoblepas (D:13)
  A boulder beetle (D:13)
  3 two-headed ogres
  A tengu warrior (D:13)
  An arcanist (D:13)
  2 deep elf pyromancers (D:13)
  A necromancer (Gauntlet)
  3 cyclopes
  A manticore (D:12)
  Maurice (D:7)
  A guardian serpent (D:14)
  A gargoyle (D:13)
  2 unseen horrors
  A torpor snail (Gauntlet)
  2 komodo dragons
  7 trolls
  A hornet (D:9)
  2 wraiths (D:11)
  16 slime creatures
  2 water elementals
  3 shadows
  2 wyverns (D:11)
  29 yaks
  A steam dragon (D:8)
  Grum (D:8)
  5 vampire mosquitoes
  2 acid dragons (D:10)
  6 water moccasins
  3 ice beasts
  2 orc warriors (D:10)
  2 black bears (D:6)
  A black bear (shapeshifter) (D:13)
  2 laughing skulls (Gauntlet)
  An ogre (D:4)
  3 centaurs
  15 wolves
  A weeping skull (Gauntlet)
  2 kobold brigands
  4 gnoll sergeants
  4 bullfrogs
  4 scorpions
  8 wights (D:8)
  A killer bee (D:10)
  An electric eel (D:13)
  7 howler monkeys
  4 hounds
  Crazy Yiuf (D:3)
  A bombardier beetle (D:4)
  4 orc priests
  2 gnoll boudas
  2 iguanas (D:6)
  15 orc wizards
  18 gnolls
  8 adders
  2 shadow imps
  A white imp (D:7)
  A dart slug (D:1)
  33 orcs
  5 ball pythons
  10 endoplasms
  2 giant cockroaches (D:1)
  5 goblins
  8 hobgoblins
  3 jackals
  16 kobolds
  5 quokkas
  3 bats
  3 frilled lizards
  7 rats
326 creatures vanquished.

Notes
Turn   | Place    | Note
-------+----------+-------------------------------------------
     0 | D:1      | Ijustatesigmund the Gargoyle Earth Elementalist began the
                  | quest for the Orb.
     0 | D:1      | Reached XP level 1. HP: 10/10 MP: 3/3
   245 | D:1      | Reached XP level 2. HP: 16/16 MP: 3/5
   248 | D:1      | Reached skill level 1 in Fighting
   653 | D:1      | Reached XP level 3. HP: 20/20 MP: 3/6
   657 | D:1      | Learned a level 3 spell: Stone Arrow
  1100 | D:2      | Identified the +1 robe of the Blizzard {^Drain Dex+5 SInv}
  1112 | D:2      | Found Ivogaod's Assorted Antiques.
  1134 | D:2      | Bought a white potion for 19 gold pieces
  1134 | D:2      | Bought a golden potion for 19 gold pieces
  1233 | D:2      | Got the Excursus on Charming Electrocution
  1397 | D:2      | Reached XP level 4. HP: 24/26 MP: 3/7
  2057 | D:3      | Found a runed translucent door.
  2058 | D:3      | Noticed Crazy Yiuf
  2065 | D:3      | Killed Crazy Yiuf
  2066 | D:3      | Reached skill level 2 in Conjurations
  2579 | D:4      | Reached XP level 5. HP: 31/31 MP: 5/9
  2875 | D:4      | Reached skill level 5 in Earth Magic
  2876 | D:4      | Noticed an ogre
  3120 | D:4      | Killed an ogre
  3121 | D:4      | Reached skill level 3 in Conjurations
  3121 | D:4      | Reached XP level 6. HP: 37/37 MP: 0/11
  3345 | D:4      | Found a snail-covered altar of Cheibriados.
  3345 | D:4      | Found a radiant altar of Vehumet.
  3345 | D:4      | Found a glowing golden altar of the Shining One.
  3348 | D:4      | Found an ancient bone altar of Kikubaaqudgha.
  3354 | D:4      | Became a worshipper of Vehumet
  3558 | D:5      | Entered Level 5 of the Dungeon
  3663 | D:5      | Reached skill level 1 in Maces & Flails
  3670 | D:5      | Reached XP level 7. HP: 24/41 MP: 3/12
  3834 | D:5      | Found a staircase to the Ecumenical Temple.
  3866 | D:5      | Reached skill level 4 in Conjurations
  3967 | D:5      | Found a basalt altar of Yredelemnul.
  4493 | D:6      | Reached XP level 8. HP: 44/46 MP: 14/14
  4502 | D:6      | Reached * piety under Vehumet
  4502 | D:6      | Offered knowledge of Foxfire by Vehumet.
  4701 | D:6      | Reached skill level 5 in Conjurations
  4776 | D:6      | Reached skill level 5 in Spellcasting
  4899 | D:6      | You fall into a shaft and drop 2 floors!
  5166 | D:8      | Noticed Grum
  5184 | D:8      | Reached XP level 9. HP: 27/51 MP: 7/16
  5246 | D:8      | Killed Grum
  5247 | D:8      | Reached skill level 5 in Shields
  5709 | D:8      | Noticed a two-headed ogre
  5722 | D:8      | Killed a two-headed ogre
  5723 | D:8      | Reached skill level 6 in Conjurations
  5723 | D:8      | Reached skill level 1 in Evocations
  6360 | D:6      | Identified the +5 cloak of Divine Compulsion {Dex+5}
  6458 | D:6      | Offered knowledge of Shock by Vehumet.
  6464 | D:6      | Reached ** piety under Vehumet
  6644 | D:7      | Identified the +1 war axe of Absolution {heavy, rF++ Str-5}
  6693 | D:7      | Noticed Maurice
  6697 | D:7      | Killed Maurice
  6698 | D:7      | Reached skill level 5 in Fighting
  6698 | D:7      | Reached skill level 7 in Conjurations
  6698 | D:7      | Reached XP level 10. HP: 59/59 MP: 15/19
  7028 | D:8      | Learned a level 5 spell: Irradiate
  7161 | D:8      | Reached skill level 1 in Alchemy
  7871 | D:9      | Reached skill level 5 in Alchemy
  7877 | D:9      | Offered knowledge of Hailstorm by Vehumet.
  8179 | D:9      | Found a staircase to the Lair.
  8229 | D:9      | Reached XP level 11. HP: 55/64 MP: 17/20
  8236 | D:9      | Reached *** piety under Vehumet
  9085 | D:9      | Offered knowledge of Mephitic Cloud by Vehumet.
  9503 | D:10     | Entered Level 10 of the Dungeon
  9909 | D:10     | Found a staircase to the Orcish Mines.
 10197 | D:10     | Reached skill level 1 in Armour
 12243 | D:11     | Reached **** piety under Vehumet
 12456 | D:11     | Reached skill level 5 in Maces & Flails
 12897 | D:11     | Reached skill level 8 in Conjurations
 13168 | D:11     | Noticed a two-headed ogre
 13172 | D:11     | Killed a two-headed ogre
 13461 | D:11     | Reached XP level 12. HP: 69/71 MP: 6/23
 13490 | D:11     | Offered knowledge of Dazzling Flash by Vehumet.
 15176 | D:12     | Identified the +9 lajatang of Defilement {elec, Int+4}
 15453 | D:12     | Reached skill level 9 in Conjurations
 15837 | D:12     | Found a shadowy altar of Dithmenos.
 16134 | D:12     | Noticed Rupert
 16145 | D:12     | Killed Rupert
 16558 | D:12     | Noticed Nessos
 16577 | D:12     | Killed Nessos
 16826 | D:13     | Noticed a two-headed ogre
 16831 | D:13     | Killed a two-headed ogre
 16832 | D:13     | Noticed a centaur warrior
 16838 | D:13     | Killed a centaur warrior
 16913 | D:13     | Noticed a six-headed hydra
 16917 | D:13     | Killed a six-headed hydra
 17300 | D:13     | Noticed a centaur warrior
 17305 | D:13     | Found a burning altar of Makhleb.
 17409 | D:13     | Noticed a boulder beetle
 17426 | D:13     | Killed a boulder beetle
 17427 | D:13     | Reached XP level 13. HP: 25/79 MP: 15/25
 17707 | D:13     | Reached skill level 10 in Conjurations
 18284 | D:13     | Found a gate to the Vaults.
 18284 | D:13     | Noticed a vault guard
 18284 | D:13     | Noticed a vault guard
 18284 | D:13     | Noticed a vault guard
 18284 | D:13     | Noticed a vault guard
 18284 | D:13     | Noticed a vault guard
 18284 | D:13     | Noticed a vault guard
 18284 | D:13     | Noticed a vault guard
 18371 | D:14     | Learned a level 5 spell: Borgnjor's Vile Clutch
 18375 | D:14     | Learned a level 3 spell: Passwall
 18497 | D:14     | Found a gate leading to a gauntlet.
 18516 | Gauntlet | Entered a Gauntlet
 18516 | Gauntlet | Found a transporter.
 18516 | Gauntlet | Found a transporter.
 18686 | Gauntlet | Found a transporter.
 18690 | Gauntlet | Found a transporter.
 18700 | Gauntlet | Found a transporter.
 18704 | Gauntlet | Found a transporter.
 18716 | Gauntlet | Found a transporter.
 18739 | Gauntlet | Found a transporter.
 18762 | Gauntlet | Found a transporter.
 18764 | Gauntlet | Found a transporter.
 18778 | Gauntlet | Found a transporter.
 18782 | Gauntlet | Found a transporter.
 18819 | Gauntlet | Reached skill level 1 in Necromancy
 19014 | Gauntlet | Reached ***** piety under Vehumet
 19122 | Gauntlet | Identified the +9 war axe "Iciq Giqumur" {holy, ^Drain
                  | rPois rCorr Dex+3}
 19166 | Gauntlet | Found the +1 robe of Vines {NoPotionHeal Regen++++}
 19166 | Gauntlet | Noticed a minotaur
 19172 | Gauntlet | Identified the +5 quarterstaff of Cukeg {spect, Str+4}
 19196 | Gauntlet | Gained mutation: A frigid envelope surrounds you and
                  | freezes all who hurt you. [potion of mutation]
 19196 | Gauntlet | Gained mutation: Your mind is acute. (Int +4, Str/Dex -1)
                  | [potion of mutation]
 19196 | Gauntlet | Gained mutation: You have a pair of small antennae on your
                  | head. [potion of mutation]
 19198 | Gauntlet | HP: 4/118 [minotaur/+3 arbalest of freezing (3)]
 19198 | Gauntlet | Slain by a minotaur

Illustrated notes

Levels and vault maps discovered:
D:1:      giann_bridges, layout_basic, minmay_pentomino_v4
D:2:      layout_basic, serial_shops, nicolae_shop_stone
D:3:      layout_basic, uniq_crazy_yiuf_cottage
D:4:      layout_basic, grunt_temple_overflow_open, grunt_decor_junction,
          minmay_manual_maat
D:5:      layout_rooms, overflow_temple_1_default,
          minmay_temple_entry_offerings, dreamdust_gnoll_farm
D:6:      layout_rooms
D:7:      layout_cave_pools, uniq_maurice
D:8:      layout_basic, kennysheep_doodads, serial_park_tiny_1,
          minmay_misc_feat_iff, uniq_grum
D:9:      layout_basic, due_lair_maze_entry_diamond
D:10:     layout_long_grid, minmay_orc_entry_temple_small,
          minmay_misc_feat_tower
D:11:     layout_stronghold
D:12:     layout_irregular_city, grunt_dithmenos_smoke_and_mirrors, uniq_nessos,
          uniq_rupert
D:13:     minmay_the_grid_octo_triangle [minmay_the_grid_octo_vomiting_pacman,
          minmay_the_grid_octo_prize_square_snowflake,
          minmay_the_grid_octo_clover_2], layout_basic, erik_vaults_2,
          uniq_jorgrun
D:14:     nrook_guardian_serpent_snake_passage, layout_basic,
          nicolae_wu_jian_immortal_techniques, gauntlet_entry_generic
Gauntlet: gammafunk_gauntlet_hard_choice [nicolae_gauntlet_arena_grate_2,
          gammafunk_gauntlet_arena_chambers, nicolae_gauntlet_arena_x,
          gammafunk_gauntlet_arena_hedges, nicolae_gauntlet_swirl,
          gammafunk_gauntlet_arena_spirals, gauntlet_exit_hidden_loot]

Skill      XL: |  1  2  3  4  5  6  7  8  9 10 11 12 13 |
---------------+----------------------------------------+-----
Fighting       | 1 2 3 5 6 8 9 |  9.3
Earth Magic    | 4 5 6 7 |  7.3
Conjurations   | 2 3 4 5 7 8 9 10 | 10.6
Spellcasting   | 3 4 5 6 7 8 9 |  9.2
Maces & Flails | 1 2 4 5 7 8 |  8.0
Shields        | 3 5 |  5.5
Evocations     | 3 |  3.3
Alchemy        | 6 8 |  8.2
Armour         | 2 3 |  3.1
Dodging        | 3 4 |  4.1
Necromancy     | 1 |  1.5
Stealth        | |  2.1

Action                     |  1- 3 |  4- 6 |  7- 9 | 10-12 | 13-15 || total
---------------------------+-------+-------+-------+-------+-------++-------
  Melee: Unarmed           |     9 |       |       |       |       ||     9
         Whip              |       |     1 |       |       |       ||     1
         Flail             |       |    21 |   118 |   335 |   115 ||   589
         Morningstar       |       |       |     8 |       |       ||     8
   Cast: Sandblast         |    52 |    53 |    31 |    34 |     5 ||   175
         Stone Arrow       |       |     5 |    44 |   206 |    56 ||   311
         Irradiate         |       |       |       |     2 |     5 ||     7
         Passwall          |       |       |       |       |     6 ||     6
  Evoke: Wand              |       |       |    10 |    36 |     8 ||    54
    Use: Scroll            |       |     3 |     5 |    16 |     1 ||    25
         Potion            |       |       |     4 |     2 |    13 ||    19
   Stab: Paralysed         |       |       |       |    15 |     5 ||    20
         Sleeping          |       |       |       |       |     1 ||     1
 Armour: Robe              |    36 |    27 |   153 |   105 |       ||   321
         Acid dragon scale |       |       |       |   354 |   219 ||   573
         Skin              |       |       |       |       |    15 ||    15
  Dodge: Dodged            |    32 |    30 |   131 |   212 |   120 ||   525
  Block: Buckler           |       |       |     9 |   126 |    48 ||   183
